 Dungeon Crawl Stone Soup version 0.18.1-48-g4cf74bf (webtiles) character file.

256 Jerry the Chiller (level 5, -4/35 HPs)
             Began as a Vampire Ice Elementalist on Aug 10, 2016.
             Slain by Crazy Yiuf
             ... wielding a +3 quarterstaff of chaos
              (5 damage)
             ... on level 3 of the Dungeon.
             The game lasted 00:28:12 (5418 turns).

Jerry the Chiller (Vampire Ice Elementalist)        Turns: 5418, Time: 00:28:12

Health: -4/35      AC:  2    Str:  7      XL:     5   Next: 92%
Magic:  6/8        EV: 12    Int: 19      God:
Gold:   112        SH:  4    Dex:  8 (14) Spells: 2 memorised, 4 levels left

rFire  . . .     SeeInvis +     c - +0 hunting sling
rCold  . . .     Gourm    .     a - +0 robe
rNeg   + . .     Faith    .     i - +0 buckler
rPois  .         Spirit   .     (no helmet)
rElec  .         Dismiss  .     (no cloak)
rCorr  .         Reflect  .     (no gloves)
SustAt .         Harm     .     (no boots)
MR     .....                    (no amulet)
Stlth  ++........               (no ring)
                                (no ring)

@: not resistant to hostile enchantments, unstealthy
A: fangs 3, see invisible, unbreathing
a: Bat Form


You were on level 3 of the Dungeon.
You were not thirsty.

You visited 1 branch of the dungeon, and saw 3 of its levels.

You collected 112 gold pieces.

Inventory:

Hand Weapons
 c - a +0 hunting sling (weapon)
 e - a +0 dagger
 n - a +2 whip of electrocution
Missiles
 f - 67 stones (quivered)
Armour
 a - a +0 robe (worn)
 d - a +0 pair of gloves
 i - a +0 buckler (worn)
Wands
 l - a wand of polymorph (9/24)
Scrolls
 g - a scroll of amnesia {unknown}
 m - a scroll of remove curse
 o - a scroll of identify
Potions
 h - a potion of blood
 j - 2 potions of magic {unknown}
Books
 b - a book of Frost

   Spells                             Type                      Level
   a - Freeze                         Ice                          1
   b - Throw Frost                    Conjuration/Ice              2
   c - Ozocubu's Armour               Charms/Ice                   3
   d - Throw Icicle                   Conjuration/Ice              4
   e - Summon Ice Beast               Ice/Summoning                4
Miscellaneous
 k - a plain deck of defence


   Skills:
 - Level 3.1 Dodging
 - Level 3.0 Stealth
 + Level 3.3 Shields
 - Level 2.0 Spellcasting
   Level 0.6 Conjurations
 + Level 5.0 Ice Magic


You had 4 spell levels left.
You knew the following spells:

 Your Spells              Type           Power        Failure   Level  Hunger
a - Freeze                Ice            ###.         1%          1    #......
b - Ozocubu's Armour      Chrm/Ice       ##......     21%         3    ###....


Dungeon Overview and Level Annotations

Branches:
Dungeon (3/15)

Altars:
Gozag
Nemelex Xobeh
Ru
Yredelemnul

Annotations:
D:3 Crazy Yiuf


Innate Abilities, Weirdness & Mutations

You have razor-sharp teeth.
You have supernaturally acute eyesight.
You can survive without breathing.


Message History

Casting: Freeze
Confirm with . or Enter, or press ? or * to list all spells.
Aiming: Freeze
Press: ? - help, Shift-Dir - straight line, f/p - Crazy Yiuf
Aim: Crazy Yiuf, wielding a quarterstaff of chaos and wearing a cloak You freeze Crazy Yiuf.
Crazy Yiuf is lightly wounded.
Crazy Yiuf hits you with a quarterstaff of chaos!
Crazy Yiuf freezes you.
Casting: Freeze
Confirm with . or Enter, or press ? or * to list all spells.
Aiming: Freeze
Press: ? - help, Shift-Dir - straight line, f/p - Crazy Yiuf
Aim: Crazy Yiuf, wielding a quarterstaff of chaos and wearing a cloak (lightly wounded)
You freeze Crazy Yiuf.
Crazy Yiuf is moderately wounded.
Crazy Yiuf hits you with a quarterstaff of chaos!
* * * LOW HITPOINT WARNING * * *
Crazy Yiuf freezes you.
You die...

.#.####...........#..........
..................#.#####....
##.####...........#.# ###).
.............#.# #.#
##########...#.# #.# #...#.#
#.# #######...#.# #.#
###)#).#.####.# #.#
#g)#(g@...###.# #.#
#.))))####.........# #.#
#)))## ##.#..###.# #.# ###
###### #.# #####.#
#########...)..
#..............
#################......
#.#.#.#.........#......
########.#.#.#..######.#......


You could see Crazy Yiuf.

Vanquished Creatures
  A quasit (D:3)
  An orc priest (D:3)
  An orc wizard (D:3)
  3 gnolls
  4 adders (D:2)
  An ooze (D:2)
  4 worms
  5 giant geckos
  2 orcs (D:3)
  3 ball pythons
  3 bats
  5 giant cockroaches
  10 goblins
  8 hobgoblins
  8 jackals
  3 quokkas
  4 giant newts
  11 kobolds
  6 rats
83 creatures vanquished.

Notes
Turn   | Place    | Note
--------------------------------------------------------------
     0 | D:1      | Jerry the Vampire Ice Elementalist began the quest for the Orb.
     0 | D:1      | Reached XP level 1. HP: 13/13 MP: 3/3
   234 | D:1      | Reached XP level 2. HP: 6/19 MP: 0/5
  1464 | D:2      | Found a basalt altar of Yredelemnul.
  1674 | D:2      | Found an opulent altar of Gozag.
  1688 | D:2      | Reached XP level 3. HP: 21/24 MP: 1/6
  1693 | D:2      | Learned a level 3 spell: Ozocubu's Armour
  1948 | D:2      | Found a sacrificial altar of Ru.
  2056 | D:2      | Reached skill level 1 in Shields
  2291 | D:2      | Reached skill level 4 in Ice Magic
  2544 | D:2      | Reached XP level 4. HP: 26/30 MP: 3/7
  2587 | D:2      | Found a sparkling altar of Nemelex Xobeh.
  3749 | D:3      | Reached XP level 5. HP: 35/35 MP: 8/8
  5324 | D:3      | Reached skill level 5 in Ice Magic
  5409 | D:3      | Noticed Crazy Yiuf
  5418 | D:3      | HP: 1/35 [Crazy Yiuf/quarterstaff of chaos (14)]
  5418 | D:3      | Slain by Crazy Yiuf

Skill      XL: |  1  2  3  4  5 |
---------------+----------------+-----
Dodging        | 3 |  3.1
Shields        | 1 2 3 |  3.3
Ice Magic      | 4 5 |  5.0
Stealth        | |  3.0
Spellcasting   | |  2.0
Conjurations   | |  0.6

Action                   |  1- 3 |  4- 6 || total
-------------------------+-------+-------++-------
Melee: Dagger            |    12 |       ||    12
       Bite              |     1 |       ||     1
 Fire: Hunting sling     |       |   101 ||   101
Throw: Stone             |    55 |    31 ||    86
 Cast: Freeze            |    83 |    57 ||   140
  Use: Potion            |     3 |     1 ||     4
       Scroll            |     2 |     5 ||     7
  Eat: Corpse            |     2 |     9 ||    11
Armor: Robe              |    11 |    32 ||    43
Dodge: Dodged            |    44 |    85 ||   129
Block: Buckler           |     9 |    25 ||    34
